Map: Lost and Found LE

Players

Zanster - Winner!

  • Race: Zerg Zerg
  • Spawn Location: 7:00

Mage

  • Race: Protoss Protoss
  • Spawn Location: 1:00

Event: WCS Montreal 2018

VOD

Have the link to the VOD?

Description

Time

  • Played on: Sept. 7, 2018, 12:25 p.m.
  • Length: 5:27

All games in this series

Show
View Real Time Build Order
Export as new Build Order

Zanster Zerg - Winner!

Build Orders: Hatch First 

Get SALT Encoding   

  12  0:00  Drone  
  13  0:12  Overlord  
  13  0:16  Drone  
  14  0:31  Drone x2  
  16  0:47  Hatchery  
  15  0:51  Drone  
  15  0:54  Drone  
  17  0:57  Drone  
  18  1:08  Extractor  
  17  1:13  Spawning Pool  
  17  1:16  Drone  
  17  1:19  Drone  
  18  1:27  Drone  
  19  1:39  Drone  
  20  1:50  Overlord  
  20  2:00  Queen x2  
  20  2:01  Zergling x4  
  26  2:09  Metabolic Boost  
  26  2:10  Drone  
  26  2:12  Drone  
  28  2:21  Drone  
  28  2:22  Drone  
  30  2:34  Drone, Hatchery  
  30  2:37  Drone  
  31  2:44  Queen  
  31  2:49  Overlord  
  33  2:52  Drone  
  33  2:54  Drone  
  33  2:57  Drone  
  36  3:05  Overlord  
  36  3:09  Drone  
  36  3:10  Drone x2  
  36  3:11  Drone  
  40  3:13  Drone  
  40  3:15  Drone  
  40  3:19  Zergling x4  
  44  3:25  Lair  
  43  3:29  Drone  
  43  3:30  Drone  
  45  3:36  Roach Warren  
  45  3:37  Drone  
  45  3:38  Drone  
  45  3:40  Drone  
  47  3:41  Drone  
  47  3:46  Overlord  
  47  3:47  Drone  
  49  3:51  Drone  
  49  3:52  Spore Crawler  
  49  3:53  Drone  
  49  3:54  Drone  
  51  3:57  Extractor, Drone  
  51  3:59  Drone  
  51  4:02  Overlord  
  52  4:04  Extractor  
  52  4:06  Drone  
  52  4:07  Drone  
  52  4:08  Drone  
  54  4:13  Drone  
  54  4:14  Drone  
  54  4:16  Drone, Overlord  
  57  4:21  Roach x2  
  61  4:26  Roach x2  
  61  4:29  Roach x2  
  69  4:38  Roach  
  71  4:40  Overlord  
  71  4:44  Roach x2  
  71  4:45  Roach  
  77  4:48  Extractor  
  77  4:49  Overlord  
  77  4:50  Overseer  
  76  4:54  Roach  
  76  4:55  Overlord  
  78  5:01  Roach x2  
Show
View Real Time Build Order
Export as new Build Order

Mage Protoss 

Build Orders: 1 Gate Expand 

Get SALT Encoding   

  12  0:00  Probe  
  13  0:13  Probe  
  14  0:18  Pylon  
  14  0:25  Probe  
  15  0:34  Probe  
  15  0:40  Gateway  
  15  0:42  Probe  
  16  0:49  Assimilator  
  17  0:51  Probe  
  18  1:03  Probe  
  19  1:15  Probe  
  20  1:26  Nexus  
  20  1:36  Cybernetics Core  
  20  1:39  Probe  
  21  1:46  Assimilator  
  21  1:51  Pylon  
  21  1:54  Probe  
  22  2:03  Stalker  
  22  2:06  Probe  
  25  2:19  Probe  
  26  2:23  Warp Gate  
  26  2:28  Twilight Council  
  26  2:31  Probe  
  26  2:33  Adept  
  29  2:38  Probe  
  29  2:43  Probe  
  31  2:51  Probe  
  32  2:54  Robotics Facility, Charge  
  32  3:00  Adept  
  32  3:04  Probe  
  35  3:11  Probe  
  36  3:18  Gateway  
  36  3:22  Probe  
  36  3:26  Probe  
  38  3:36  Pylon  
  38  3:40  Assimilator  
  38  3:41  Warp Prism  
  38  3:47  Gateway  
  38  3:48  Gateway  
  40  4:00  Gateway  
  40  4:02  Gateway  
  40  4:05  Gateway  
  40  4:08  Gateway  
  40  4:11  Pylon  
  40  4:25  Pylon  
  40  4:28  Probe  
  41  4:41  Zealot x3  
  47  4:45  Zealot  
  49  5:03  Zealot x5  
  49  5:04  Zealot x2  
  49  5:06  Zealot  
  53  5:18  Zealot x2  
Tags
 
Add a new tag
Caveats
  • Supply blocks, unpowered buildings, or Contaminate may cause inaccurate times.
  • Supply counts are checked every 10 seconds.